cohdb
Replays
Latest Replays
All Replays
Popular Replays
Top Player Replays
Match Explorer
How It Works
Community
CoH3 Stats
Reddit
Sign in to upload your games and track your stats! →
Sign in with Steam
Match 40945106
Unlisted
Match 40945106
Overview
Messages
Build Orders
End
Kradschützen Motorcycle Team
Panzergrenadier Squad
Selects Italian Infantry
Panzergrenadier Squad
Construct Light Support Kompanie
MG34 Team
Construct Mechanized Kompanie
Selects Defensive Operations
Selects Guastatori Squad
Veteran Squad Leaders
Support Armor Elements
StuG III D Assault Gun
CAuMOH
Asuka top soska>З
!!!!!!!!!!!!
purepinoy
0
0
Comments
sign in to comment!
No comments posted yet!